 Dungeon Crawl Stone Soup version 0.29.1-15-g9cfb28693d (webtiles) character file.

Game seed: 9206964595057697950

949 CatalinOSBI the Reanimator (level 7, -1/42 (46) HPs)
             Began as a Demonspawn Necromancer on Mar 29, 2023.
             Was a Priest of Makhleb.
             Slain by a wight
             ... wielding a +0 scimitar
              (9 damage)
             ... on level 4 of the Dungeon.
             The game lasted 01:25:32 (7102 turns).

CatalinOSBI the Reanimator (Demonspawn Necromancer) Turns: 7102, Time: 01:25:32

HP:   -1/42 (46)    AC: 10    Str:  8    XL:     7   Next: 89%
MP:   15/15         EV: 12    Int: 23    God:    Makhleb [***...]
Gold: 202           SH:  0    Dex: 13    Spells: 13/17 levels left

rFire   . . .      SeeInvis .   y - +3 trident
rCold   . . .      Faith    .   (no shield)
rNeg    . . .      Spirit   .   a - +2 robe
rPois   +          Reflect  .   h - +0 hat
rElec   .          Harm     .   k - +0 cloak
rCorr   .          Rampage  .   l - +0 pair of gloves
Will    .....                   (no boots)
Stlth   ++........              (no amulet)
HPRegen 0.14/turn               c - +4 ring of protection
MPRegen 0.14/turn               w - ring of poison resistance

@: studying Maces & Flails, drained
A: foul stench 2, big brain 2
a: Renounce Religion, Minor Destruction, Lesser Servant of Makhleb


You were on level 4 of the Dungeon.
You worshipped Makhleb.
Makhleb was most pleased with you.
You visited 1 branch of the dungeon, and saw 4 of its levels.

You collected 202 gold pieces.

Inventory:

Hand Weapons
 d - a +1 sling
 i - a +1 mace of draining
 p - a +0 scythe of freezing
 q - a +1 short sword of speed
 t - a +4 spear
 y - a +3 trident (weapon)
Missiles
 f - 70 stones
 r - 10 poisoned darts
Armour
 a - a +2 robe (worn)
 h - a +0 hat (worn)
 k - a +0 cloak (worn)
 l - a +0 pair of gloves (worn)
Magical Staves
 j - a staff of conjuration
Jewellery
 c - a +4 ring of protection (left hand)
 n - a ring of protection from cold
 w - a ring of poison resistance (right hand)
Wands
 m - a wand of flame (17)
Scrolls
 g - a scroll of magic mapping
 s - 2 scrolls of immolation
 x - a scroll of poison
Potions
 b - 3 potions of magic
 e - a potion of brilliance
 o - a potion of mutation {unknown}
 u - a potion of attraction
 v - a potion of ambrosia {unknown}


   Skills:
 - Level 1.7 Dodging
 - Level 1.7 Stealth
 * Level 5.9 Spellcasting
 * Level 8.0 Necromancy
 - Level 3.3 Invocations


You had 13 spell levels left.
You knew the following spells:

 Your Spells              Type           Power      Damage    Failure   Level
a - Necrotise             Necr           100%       1d9       1%          1
b - Vampiric Draining     Necr           43%        2d9       1%          3

Your spell library contained the following spells:

 Spells                   Type           Power      Damage    Failure   Level
 Animate Dead             Necr           43%        N/A       3%          4
 Agony                    Necr           43%        N/A       9%          5


Dungeon Overview and Level Annotations

Branches:
Dungeon (4/15)
 Temple: D:4-7

Altars:
Cheibriados
Makhleb
Ru
Yredelemnul


Innate Abilities, Weirdness & Mutations

You sometimes emit foul miasma when damaged in melee.
You have an extremely huge brain. (Int +4)


Message History

The wight hits you but does no damage. The wight hits you with a +0 dagger.
You hit the wight.
You destroy the wight!
Makhleb accepts your kill.
Your Necromancy skill increases to level 8!
You start resting.
HP restored.
You open the door.
A wight comes into view. It is wielding a +0 scimitar.
You hit the wight.
The wight is moderately damaged.
The wight hits you with a +0 scimitar!
You feel drained.
You barely miss the wight.
The wight is moderately damaged.
The wight barely misses you. The wight hits you but does no damage.
You closely miss the wight.
The wight is moderately damaged.
The wight misses you.
You hit the wight but do no damage.
The wight is moderately damaged.
The wight hits you with a +0 scimitar.
You closely miss the wight.
The wight is moderately damaged.
The wight barely misses you.
You hit the wight.
The wight is heavily damaged.
The wight barely misses you. x2
You barely miss the wight.
The wight is heavily damaged.
The wight closely misses you.
You hit the wight.
The wight is severely damaged.
The wight hits you with a +0 scimitar.
You feel drained.
You barely miss the wight.
The wight is severely damaged.
The wight hits you with a +0 scimitar!
You feel drained.
* * * LOW HITPOINT WARNING * * *
The wight completely misses you.
A demon appears!
The wight hits you with a +0 scimitar!
You die...

#.##.###.#
#'#####.#
##...#
#.##.# #.#
###.### #.#
####'##
###<##.###.#
#.'.'.###.#
#.....#
...........#
###.###...#
#.....#
#####..#####
#.÷.'.#####
#......
#####..#
###.###
#.....#
.......#
#.'.'_######
#......
#......#
###.###....#
###...#
#.###.##
#.)@z.####.#
#.†## ..#
#.# ###3###
#.#####..#
#####.# +.+
#........#
......# #.#
########.#
#####.# +.+
#.# ......#
### #.#
####### #.#
#.# ####
#######
####.#


You could see a wight (ally target) and a friendly neqoxec (summoned).

Vanquished Creatures
  Sigmund (D:3)
  2 necrophages (D:4)
  2 scorpions (D:4)
  A wight (D:4)
  A hound (D:4)
  A jelly (D:4)
  2 orc priests (D:4)
  Natasha (D:3)
  Robin (D:3)
  4 adders
  3 shadow imps (D:4)
  2 white imps (D:4)
  3 ufetubi (D:4)
  3 worms
  3 orcs
  7 endoplasms
  6 giant cockroaches
  8 hobgoblins
  11 jackals
  6 kobolds
  4 quokkas
  6 ball pythons
  4 bats
  7 frilled lizards
  15 goblins
  3 rats (D:1)
107 creatures vanquished.

Vanquished Creatures (collateral kills)
  A necrophage (D:4)
  A wight (D:4)
  A human zombie (D:4)
  A mummy (D:4)
4 creatures vanquished.

Vanquished Creatures (others)
  3 demonic plants (D:4)
  2 fungi (D:4)
  14 plants
19 creatures vanquished.

Grand Total: 130 creatures vanquished

Notes
Turn   | Place    | Note
-------+----------+-------------------------------------------
     0 | D:1      | CatalinOSBI the Demonspawn Necromancer began the quest for
                  | the Orb.
     0 | D:1      | Reached XP level 1. HP: 13/13 MP: 3/3
   645 | D:1      | Gained mutation: You may rarely emit foul miasma when
                  | damaged in melee. [demonic ancestry]
   645 | D:1      | Reached XP level 2. HP: 19/19 MP: 3/5
  1096 | D:1      | Found a faded altar of an unknown god.
  1193 | D:1      | Prayed at the altar of an unknown god.
  1193 | D:1      | Became a worshipper of Makhleb the Destroyer
  1193 | D:1      | Reached * piety under Makhleb
  1639 | D:2      | Gained mutation: You have an unusually large brain. (Int
                  | +2) [demonic ancestry]
  1639 | D:2      | Reached XP level 3. HP: 24/24 MP: 4/7
  1644 | D:2      | Reached skill level 5 in Necromancy
  1858 | D:2      | Learned a level 3 spell: Vampiric Draining
  2086 | D:2      | Reached ** piety under Makhleb
  2811 | D:3      | Identified the +1 helmet of Gravitas {rC- Int+2 Dex+3}
  2811 | D:3      | Noticed Robin
  2812 | D:3      | Reached XP level 4. HP: 30/30 MP: 1/8
  2823 | D:3      | Killed Robin
  3138 | D:3      | Noticed Sigmund
  3155 | D:3      | Killed Sigmund
  3156 | D:3      | Reached skill level 6 in Necromancy
  3156 | D:3      | Reached XP level 5. HP: 26/35 MP: 8/11
  3310 | D:3      | Gained mutation: You sometimes emit foul miasma when
                  | damaged in melee. [demonic ancestry]
  3310 | D:3      | Reached XP level 6. HP: 41/41 MP: 5/12
  3415 | D:3      | Found a snail-covered altar of Cheibriados.
  3658 | D:3      | Found a burning altar of Makhleb.
  3793 | D:3      | Noticed Natasha
  3797 | D:3      | Killed Natasha
  4951 | D:4      | Found a sacrificial altar of Ru.
  4968 | D:4      | Reached *** piety under Makhleb
  5203 | D:4      | Reached skill level 1 in Invocations
  6096 | D:4      | Reached skill level 7 in Necromancy
  6146 | D:4      | Reached skill level 5 in Spellcasting
  6146 | D:4      | Gained mutation: You have an extremely huge brain. (Int +4)
                  | [demonic ancestry]
  6146 | D:4      | Reached XP level 7. HP: 38/41 MP: 10/14
  6904 | D:4      | Found a basalt altar of Yredelemnul.
  7031 | D:4      | Reached skill level 8 in Necromancy
  7102 | D:4      | Slain by a wight

Illustrated notes

Levels and vault maps discovered:
D:1:      co_arrival_random_square_maze, layout_loops_ring,
          hellmonk_ecumenical_altar_crossroads, chequers_serial_rivers_large_a,
          minmay_misc_feat_room
D:2:      layout_loops_ring
D:3:      layout_basic, lemuel_tele_altar, mainiacjoe_overflow_boulevard,
          nicolae_titane, uniq_sigmund, uniq_robin, uniq_natasha
D:4:      layout_loops_corners, nicolae_ru_the_path_less_chosen,
          lemuel_mausoleum_altar_yredelemnul, serial_demonic, serial_demonic_c,
          serial_demonic_a, serial_demonic_a, serial_demonic_c,
          minmay_manual_mess

Skill      XL: |  1  2  3  4  5  6  7 |
---------------+----------------------+-----
Necromancy     | 5 6 7 8 |  8.0
Spellcasting   | 3 4 5 |  5.9
Invocations    | 1 3 |  3.3
Dodging        | |  1.7
Stealth        | |  1.7

Action                   |  1- 3 |  4- 6 |  7- 9 || total
-------------------------+-------+-------+-------++-------
Melee: Sling             |     1 |    60 |       ||    61
       Short sword       |       |    58 |       ||    58
       Mace              |       |    25 |    28 ||    53
       Punch             |       |     2 |       ||     2
       Trident           |       |       |    17 ||    17
 Fire: Sling             |    42 |    64 |     9 ||   115
 Cast: Necrotise         |    76 |    35 |     8 ||   119
       Vampiric Draining |     4 |    15 |       ||    19
Invok: Minor Destruction |       |     6 |       ||     6
       Lesser Servant of |       |       |     2 ||     2
Evoke: Wand              |       |     8 |       ||     8
  Use: Scroll            |     5 |     6 |       ||    11
       Potion            |     2 |     1 |       ||     3
Armor: Robe              |    16 |    52 |    20 ||    88
Dodge: Dodged            |    14 |    95 |    30 ||   139
